General information
- name: BNet
- type: Ladder team game (AT/RT)
- host: Battle.net
- saver: wheremymyrodgo
map: Deadlock
- players: 8
- length: 50:11
- speed: Fast
- version: 1.26 W3XP
- replay type: Public
» download(269 KB)
Players
team 1 (winner)

»
Khas (
red | 48 APM | 2410 actions | 50:09)
7 Demon Hunter
2 Immolation
3 Mana Burn
1 Evasion
1 Metamorphosis
4 Warden
2 Shadow Strike
2 Blink
» actions
| Assign group hotkey | 28 | |
| Basic commands | 77 | |
| Build / train | 96 | |
| ESC pressed | 4 | |
| Enter build submenu | 22 | |
| Enter hero's abilities submenu | 12 | |
| Right click | 1024 | |
| Select / deselect | 781 | |
| Select group hotkey | 239 | |
| Use ability | 127 | |
2410 total
» units
| Wisp | 24 | |
| Huntress | 6 | |
| Dryad | 21 | |
| Mountain Giant | 1 | |
| Druid of the Claw | 2 | |
54 total
» upgrades
| Strength of the Wild | 3 | |
| Reinforced Hides | 3 | |
| Abolish Magic | 1 | |
| Hardened Skin | 1 | |
| Resistant Skin | 1 | |
| Druid of the Claw Training | 2 | |
11 total
» buildings
| Altar of Elders | 1 | |
| Moon Well | 7 | |
| Hunter's Hall | 1 | |
| Ancient of War | 1 | |
| Tree of Ages | 3 | |
| Ancient Protector | 3 | |
| Ancient of Wonders | 1 | |
| Ancient of Lore | 2 | |
| Tree of Eternity | 1 | |
| Tree of Life | 2 | |
22 total
» build order
00:19 Altar of Elders
00:22 Moon Well
01:41 Hunter's Hall
01:45 Ancient of War
02:01 Moon Well
03:11 Tree of Ages
03:11 Tree of Ages
03:42 Ancient Protector
03:45 Ancient Protector
04:27 Ancient of Wonders
04:37 Moon Well
05:44 Moon Well
07:11 Ancient of Lore
07:14 Ancient of Lore
10:15 Moon Well
10:17 Tree of Eternity
10:20 Moon Well
13:44 Tree of Life
20:21 Tree of Life
20:28 Ancient Protector
22:41 Moon Well
» items
| Periapt of Vitality | 1 | |
| Circlet of Nobility | 1 | |
| Boots of Speed | 1 | |
| Scroll of Healing | 1 | |
| Scroll of Town Portal | 1 | |
| Potion of Healing | 2 | |
7 total
wheremymyrodgo (
green | 50 APM | 2504 actions | 50:11)
7 Dark Ranger
3 Black Arrow
3 Silence
1 Charm
» actions
| Assign group hotkey | 29 | |
| Basic commands | 222 | |
| Build / train | 70 | |
| Enter build submenu | 33 | |
| Enter hero's abilities submenu | 7 | |
| Give item / drop item | 1 | |
| Right click | 913 | |
| Select / deselect | 297 | |
| Select group hotkey | 829 | |
| Use ability | 103 | |
2504 total
» units
| Peon | 31 | |
| Grunt | 4 | |
| Wind Rider | 4 | |
| Raider | 2 | |
41 total
» upgrades
| Reinforced Defenses | 1 | |
| Envenomed Spears | 1 | |
| Ranged Weapons | 3 | |
| Armor | 3 | |
| Liquid Fire | 1 | |
| Ensnare | 1 | |
10 total
» buildings
| Altar of Storms | 2 | |
| Orc Burrow | 7 | |
| Barracks | 1 | |
| Voodoo Lounge | 2 | |
| Stronghold | 1 | |
| Great Hall | 4 | |
| War Mill | 1 | |
| Fortress | 1 | |
| Beastiary | 6 | |
| Watch Tower | 39 | |
| Necropolis | 1 | |
| Spirit Lodge | 1 | |
66 total
» build order
00:10 Altar of Storms
00:16 Orc Burrow
00:39 Barracks
01:29 Orc Burrow
02:07 Voodoo Lounge
03:03 Stronghold
03:38 Orc Burrow
04:29 Great Hall
04:54 War Mill
06:55 Great Hall
07:31 Fortress
07:35 Beastiary
07:38 Beastiary
07:54 Watch Tower
07:55 Watch Tower
07:55 Watch Tower
07:56 Watch Tower
07:57 Watch Tower
09:03 Beastiary
09:45 Orc Burrow
09:45 Orc Burrow
10:41 Watch Tower
10:41 Watch Tower
10:42 Watch Tower
10:42 Watch Tower
10:42 Watch Tower
11:32 Beastiary
12:10 Watch Tower
12:11 Watch Tower
12:12 Watch Tower
12:13 Watch Tower
12:14 Watch Tower
12:15 Watch Tower
12:15 Watch Tower
12:16 Watch Tower
12:17 Watch Tower
14:31 Great Hall
15:12 Beastiary
15:14 Orc Burrow
15:15 Orc Burrow
18:56 Watch Tower
18:57 Watch Tower
18:58 Watch Tower
18:58 Watch Tower
18:58 Watch Tower
19:35 Watch Tower
19:36 Watch Tower
21:10 Watch Tower
21:10 Watch Tower
21:10 Watch Tower
22:21 Beastiary
22:25 Watch Tower
22:26 Watch Tower
25:25 Great Hall
25:28 Watch Tower
25:28 Watch Tower
25:29 Watch Tower
25:29 Watch Tower
25:30 Watch Tower
25:31 Watch Tower
25:58 Necropolis
27:20 Watch Tower
27:21 Watch Tower
28:08 Spirit Lodge
29:11 Voodoo Lounge
40:55 Altar of Storms
» items
| Healing Salve | 2 | |
| Staff of Teleportation | 1 | |
| Potion of Lesser Invulnerability | 2 | |
| Orb of Lightning | 1 | |
| Scroll of Healing | 1 | |
| Potion of Invisibility | 1 | |
| Periapt of Vitality | 1 | |
9 total

»
0-5000 (
yellow | 21 APM | 984 actions | 47:15)
4 Blademaster
2 Wind Walk
1 Critical Strike
1 Mirror Image
3 Shadow Hunter
2 Healing Wave
1 Hex
» actions
| Basic commands | 6 | |
| Build / train | 57 | |
| Enter build submenu | 29 | |
| Enter hero's abilities submenu | 8 | |
| Right click | 450 | |
| Select / deselect | 361 | |
| Use ability | 72 | |
984 total
» units
| Peon | 13 | |
| Grunt | 4 | |
| Shaman | 4 | |
| Troll Witch Doctor | 3 | |
| Wind Rider | 8 | |
32 total
» upgrades
| Melee Weapons | 2 | |
| Armor | 2 | |
| Shaman Training | 2 | |
| Witch Doctor Training | 2 | |
| Ranged Weapons | 3 | |
| Envenomed Spears | 1 | |
12 total
» buildings
| Altar of Storms | 2 | |
| Orc Burrow | 7 | |
| Barracks | 1 | |
| War Mill | 1 | |
| Stronghold | 1 | |
| Watch Tower | 7 | |
| Voodoo Lounge | 2 | |
| Fortress | 1 | |
| Spirit Lodge | 2 | |
| Great Hall | 1 | |
| Tauren Totem | 2 | |
| Beastiary | 2 | |
29 total
» build order
00:07 Altar of Storms
00:28 Orc Burrow
01:24 Orc Burrow
02:13 Barracks
02:19 Orc Burrow
02:37 War Mill
03:09 Stronghold
04:11 Watch Tower
04:17 Voodoo Lounge
04:45 Watch Tower
07:18 Fortress
07:23 Spirit Lodge
07:27 Spirit Lodge
08:07 Watch Tower
08:45 Great Hall
09:13 Watch Tower
09:21 Watch Tower
10:39 Tauren Totem
10:53 Tauren Totem
11:28 Watch Tower
13:05 Altar of Storms
13:57 Beastiary
14:07 Beastiary
14:45 Watch Tower
15:57 Orc Burrow
19:26 Orc Burrow
20:05 Orc Burrow
21:19 Voodoo Lounge
21:51 Orc Burrow
» items
| Healing Salve | 1 | |
| Orb of Lightning | 1 | |
2 total
warhorse123 (
purple | 28 APM | 1319 actions | 47:24)
10 Blademaster
3 Critical Strike
3 Mirror Image
1 Bladestorm
3 Wind Walk
» actions
| Assign group hotkey | 34 | |
| Basic commands | 166 | |
| Build / train | 91 | |
| Enter build submenu | 21 | |
| Enter hero's abilities submenu | 11 | |
| Give item / drop item | 2 | |
| Remove unit from queue | 4 | |
| Right click | 49 | |
| Select / deselect | 302 | |
| Select group hotkey | 519 | |
| Use ability | 120 | |
1319 total
» units
| Peon | 12 | |
| Grunt | 4 | |
| Razormane Medicine Man | 1 | |
| Troll Witch Doctor | 9 | |
| Shaman | 8 | |
| Tauren | 16 | |
50 total
» upgrades
| Shaman Training | 2 | |
| Witch Doctor Training | 2 | |
| Melee Weapons | 2 | |
| Pulverize | 1 | |
| Armor | 2 | |
9 total
» buildings
| Altar of Storms | 1 | |
| Orc Burrow | 9 | |
| Barracks | 1 | |
| Voodoo Lounge | 2 | |
| Stronghold | 1 | |
| War Mill | 1 | |
| Great Hall | 2 | |
| Fortress | 1 | |
| Spirit Lodge | 2 | |
| Tauren Totem | 3 | |
23 total
» build order
00:11 Altar of Storms
00:17 Orc Burrow
00:25 Barracks
01:24 Orc Burrow
02:03 Voodoo Lounge
03:42 Stronghold
04:19 War Mill
05:46 Great Hall
05:56 Orc Burrow
06:06 Fortress
06:09 Spirit Lodge
06:16 Spirit Lodge
08:32 Tauren Totem
08:36 Tauren Totem
09:42 Tauren Totem
10:05 Orc Burrow
11:32 Orc Burrow
13:29 Orc Burrow
14:11 Orc Burrow
22:47 Great Hall
37:04 Orc Burrow
38:23 Voodoo Lounge
43:20 Orc Burrow
» items
| Healing Salve | 5 | |
| Scroll of Town Portal | 2 | |
| Potion of Mana | 2 | |
| Orb of Lightning | 1 | |
| Lesser Clarity Potion | 5 | |
15 total
team 2 (loser)
hempmeh (
teal | 48 APM | 1545 actions | 31:52)
3 Blademaster
2 Critical Strike
1 Wind Walk
4 Shadow Hunter
2 Hex
2 Serpent Ward
2 Tauren Chieftain
1 War Stomp
1 Endurance Aura
» actions
| Assign group hotkey | 30 | |
| Basic commands | 30 | |
| Build / train | 108 | |
| Enter build submenu | 20 | |
| Enter hero's abilities submenu | 8 | |
| Right click | 851 | |
| Select / deselect | 357 | |
| Select group hotkey | 33 | |
| Use ability | 108 | |
1545 total
» units
| Peon | 41 | |
| Grunt | 5 | |
| Kodo Beast | 3 | |
| Tauren | 13 | |
| Shaman | 4 | |
| Troll Witch Doctor | 5 | |
| Demolisher | 1 | |
72 total
» upgrades
| Shaman Training | 2 | |
| Witch Doctor Training | 2 | |
| War Drums Damage Increase | 1 | |
| Melee Weapons | 2 | |
| Armor | 2 | |
| Burning Oil | 1 | |
| Spiked Barricades | 1 | |
11 total
» buildings
| Altar of Storms | 1 | |
| Orc Burrow | 7 | |
| Barracks | 1 | |
| Voodoo Lounge | 1 | |
| Stronghold | 1 | |
| War Mill | 1 | |
| Spirit Lodge | 2 | |
| Beastiary | 1 | |
| Fortress | 1 | |
| Great Hall | 1 | |
| Tauren Totem | 2 | |
19 total
» build order
00:05 Altar of Storms
00:08 Orc Burrow
00:52 Barracks
01:28 Orc Burrow
01:46 Voodoo Lounge
03:11 Stronghold
04:32 Orc Burrow
04:35 War Mill
06:17 Spirit Lodge
06:31 Spirit Lodge
06:35 Beastiary
06:38 Fortress
07:12 Orc Burrow
08:03 Great Hall
09:30 Tauren Totem
09:33 Tauren Totem
09:40 Orc Burrow
20:53 Orc Burrow
20:56 Orc Burrow
» items
| Boots of Speed | 1 | |
| Healing Salve | 2 | |
| Lesser Clarity Potion | 1 | |
| Potion of Mana | 1 | |
| Potion of Healing | 2 | |
| Scroll of Town Portal | 2 | |
| Potion of Lesser Invulnerability | 1 | |
| Scroll of Speed | 1 | |
11 total
TheWolf (
orange | 88 APM | 4393 actions | 50:09)
8 Archmage
3 Summon Water Elemental
3 Brilliance Aura
1 Mass Teleport
1 Blizzard
6 Mountain King
3 Storm Bolt
2 Bash
1 Avatar
1 Blademaster
1 Wind Walk
» actions
| Assign group hotkey | 464 | |
| Basic commands | 56 | |
| Build / train | 143 | |
| Enter build submenu | 55 | |
| Enter hero's abilities submenu | 15 | |
| Give item / drop item | 11 | |
| Right click | 2284 | |
| Select / deselect | 646 | |
| Select group hotkey | 308 | |
| Use ability | 411 | |
4393 total
» units
| Peasant | 18 | |
| Footman | 4 | |
| Rifleman | 11 | |
| Siege Engine | 10 | |
43 total
» upgrades
| Lumber Harvesting | 2 | |
| Gunpowder | 3 | |
| Long Rifles | 1 | |
| Masonry | 3 | |
| Armor | 3 | |
| Animal War Training | 1 | |
| Swords | 3 | |
| Plating | 3 | |
| Magic Sentry | 1 | |
| Storm Hammers | 1 | |
| Reinforced Defenses | 1 | |
| Barrage | 1 | |
23 total
» buildings
| Altar of Kings | 1 | |
| Barracks | 5 | |
| Farm | 11 | |
| Arcane Vault | 2 | |
| Scout Tower | 25 | |
| Town Hall | 3 | |
| Arcane Tower | 1 | |
| Lumber Mill | 3 | |
| Keep | 2 | |
| Guard Tower | 10 | |
| Blacksmith | 1 | |
| Castle | 1 | |
| Arcane Sanctum | 1 | |
| Gryphon Aviary | 6 | |
| Workshop | 5 | |
77 total
» build order
00:48 Altar of Kings
00:50 Barracks
00:56 Farm
01:09 Farm
01:23 Farm
02:12 Farm
04:17 Arcane Vault
04:43 Scout Tower
04:54 Town Hall
05:12 Arcane Tower
05:14 Lumber Mill
05:41 Keep
05:41 Keep
06:23 Scout Tower
06:24 Scout Tower
06:25 Scout Tower
06:55 Guard Tower
06:56 Guard Tower
07:01 Barracks
07:04 Blacksmith
08:24 Farm
08:24 Farm
08:29 Farm
08:41 Scout Tower
08:43 Scout Tower
13:37 Scout Tower
13:38 Scout Tower
13:39 Scout Tower
13:40 Scout Tower
13:41 Scout Tower
13:42 Scout Tower
13:43 Scout Tower
13:43 Scout Tower
13:44 Scout Tower
13:44 Scout Tower
13:50 Castle
14:17 Guard Tower
14:20 Guard Tower
17:06 Guard Tower
17:30 Barracks
17:30 Barracks
17:31 Barracks
18:06 Farm
18:07 Farm
18:07 Farm
18:09 Farm
19:57 Town Hall
20:00 Arcane Sanctum
20:03 Scout Tower
20:03 Scout Tower
20:03 Scout Tower
20:04 Scout Tower
20:05 Scout Tower
20:06 Scout Tower
20:06 Scout Tower
20:08 Scout Tower
21:38 Guard Tower
23:36 Guard Tower
23:38 Guard Tower
24:18 Guard Tower
24:19 Guard Tower
26:06 Town Hall
26:20 Gryphon Aviary
26:21 Gryphon Aviary
26:21 Gryphon Aviary
26:24 Gryphon Aviary
26:24 Gryphon Aviary
26:27 Gryphon Aviary
26:33 Lumber Mill
32:52 Arcane Vault
35:45 Workshop
35:46 Workshop
35:46 Workshop
35:46 Workshop
35:47 Workshop
36:52 Lumber Mill
» items
| Scroll of Regeneration | 11 | |
| Potion of Healing | 8 | |
| Scroll of Town Portal | 10 | |
| Ivory Tower | 5 | |
| Orb of Fire | 1 | |
| Periapt of Vitality | 2 | |
| Boots of Speed | 3 | |
| Orb of Lightning | 1 | |
| Potion of Mana | 2 | |
| Lesser Clarity Potion | 1 | |
| Potion of Lesser Invulnerability | 1 | |
| Scroll of Healing | 1 | |
46 total

»
RuOFFENDEDyet (
blue | 31 APM | 1017 actions | 32:53)
5 Dreadlord
3 Vampiric Aura
2 Sleep
3 Death Knight
2 Death Coil
1 Unholy Aura
2 Lich
1 Frost Nova
1 Frost Armor
» actions
| Basic commands | 5 | |
| Build / train | 81 | |
| Enter build submenu | 19 | |
| Enter hero's abilities submenu | 10 | |
| Remove unit from queue | 2 | |
| Right click | 577 | |
| Select / deselect | 265 | |
| Use ability | 58 | |
1017 total
» units
| Acolyte | 16 | |
| Ghoul | 5 | |
| Crypt Fiend | 21 | |
| Frost Wyrm | 3 | |
| Razormane Medicine Man | 1 | |
46 total
» upgrades
| Creature Attack | 3 | |
| Creature Carapace | 3 | |
| Web | 1 | |
| Freezing Breath | 1 | |
8 total
» buildings
| Ziggurat | 6 | |
| Crypt | 1 | |
| Altar of Darkness | 1 | |
| Graveyard | 1 | |
| Nerubian Tower | 2 | |
| Tomb of Relics | 1 | |
| Spirit Tower | 2 | |
| Halls of the Dead | 1 | |
| Black Citadel | 1 | |
| Sacrificial Pit | 1 | |
| Boneyard | 1 | |
18 total
» build order
00:11 Ziggurat
00:16 Crypt
00:34 Altar of Darkness
01:01 Ziggurat
01:21 Graveyard
01:56 Nerubian Tower
02:20 Ziggurat
02:46 Tomb of Relics
03:48 Ziggurat
04:39 Spirit Tower
06:40 Halls of the Dead
06:45 Nerubian Tower
08:09 Ziggurat
10:09 Black Citadel
13:26 Sacrificial Pit
13:32 Spirit Tower
15:41 Boneyard
18:31 Ziggurat
» items
| Rod of Necromancy | 1 | |
| Scroll of Regeneration | 1 | |
| Orb of Corruption | 1 | |
| Scroll of Town Portal | 1 | |
| Potion of Healing | 1 | |
5 total
biears (
pink | 17 APM | 546 actions | 32:40)
4 Blademaster
2 Critical Strike
1 Wind Walk
1 Mirror Image
2 Far Seer
1 Feral Spirit
1 Chain Lighting
1 Shadow Hunter
1 Serpent Ward
» actions
| Assign group hotkey | 5 | |
| Build / train | 56 | |
| Enter build submenu | 23 | |
| Enter hero's abilities submenu | 7 | |
| Right click | 230 | |
| Select / deselect | 162 | |
| Select group hotkey | 34 | |
| Use ability | 29 | |
546 total
» units
» upgrades
» buildings
| Altar of Storms | 1 | |
| Barracks | 1 | |
| Orc Burrow | 8 | |
| War Mill | 1 | |
| Voodoo Lounge | 1 | |
| Watch Tower | 3 | |
| Stronghold | 1 | |
| Spirit Lodge | 1 | |
| Fortress | 1 | |
| Tauren Totem | 1 | |
19 total
» build order
00:11 Altar of Storms
00:20 Barracks
01:04 Orc Burrow
02:30 Orc Burrow
02:44 Orc Burrow
04:30 Orc Burrow
04:37 War Mill
05:37 Voodoo Lounge
08:10 Watch Tower
09:05 Stronghold
09:10 Orc Burrow
09:17 Watch Tower
09:28 Orc Burrow
09:39 Orc Burrow
10:09 Watch Tower
11:46 Spirit Lodge
12:01 Fortress
16:05 Tauren Totem
21:35 Orc Burrow
Chat log
(01:57 / Allies) wheremymyrodgo: wyverns batts
(01:58 / Allies) wheremymyrodgo: niggas
(05:43 / Allies) wheremymyrodgo: wood
(07:09 / Allies) wheremymyrodgo: gold
(09:51 / Allies) wheremymyrodgo: no
(09:54 / Allies) wheremymyrodgo: hit another base
(10:11 / Allies) warhorse123: woo
(10:14 / Allies) wheremymyrodgo: wood
(11:02 / Allies) Khas: cancel
(11:33 / Allies) wheremymyrodgo: wood
(12:55 / Allies) wheremymyrodgo: wood
(13:16 / All) TheWolf: Pink is useless
(13:49 / Allies) wheremymyrodgo: hit blue
(13:50 / Allies) wheremymyrodgo: skip oj
(13:52 / Allies) wheremymyrodgo: he has towers
(13:54 / Allies) wheremymyrodgo: hit blue
(13:59 / Allies) warhorse123: wood
(15:58 / Allies) Khas: glitch
(18:13 / Allies) wheremymyrodgo: wood
(18:41 / Allies) 0-5000: fuck you green
(18:46 / Allies) wheremymyrodgo: sorry mistake
(21:02 / Allies) 0-5000: run
(21:18 / Allies) warhorse123: come
(21:22 / Allies) warhorse123: red
(21:26 / Allies) warhorse123: 1]
(21:49 / Allies) Khas: meet
(21:51 / Allies) warhorse123: red u pussy
(21:59 / Allies) Khas: im not going 2 vs 4 dumbass
(22:03 / Allies) warhorse123: ok
(22:18 / Allies) warhorse123: now
(23:35 / Allies) 0-5000: tp biotches
(24:59 / All) warhorse123: noobs
(26:07 / Allies) 0-5000: green
(26:12 / Allies) 0-5000: can i have some gold to get hero please?
(26:31 / Allies) 0-5000: greennnnnn?
(26:35 / Allies) 0-5000: hello
(26:37 / Allies) wheremymyrodgo: yea
(26:43 / Allies) 0-5000: some gold for hero plz
(27:11 / Allies) 0-5000: helllllooooo?
(27:21 / Allies) Khas: i guess that means no
(27:27 / Allies) wheremymyrodgo: i gave u it
(27:27 / All) TheWolf: 2 hps on that expo lol
(27:31 / All) wheremymyrodgo: i know
(27:32 / Allies) 0-5000: he has 15k
(27:36 / Allies) 0-5000: no you didn't
(27:42 / Allies) 0-5000: probably gave it to soemone else
(28:10 / Allies) 0-5000: please green
(28:15 / Allies) 0-5000: gold!!!
(28:18 / All) TheWolf: thanks mass teleport
(28:21 / All) TheWolf: That'll come in handy
(28:42 / Allies) warhorse123: hit give gold
(29:20 / Allies) warhorse123: out
(29:40 / Allies) warhorse123: green hit
(30:40 / Allies) 0-5000: come on greennnn
(30:42 / Allies) 0-5000: goldddd
(31:04 / All) TheWolf: Haha
(31:12 / All) Khas: lol
(31:37 / Allies) 0-5000: going to lose cause of green's selfish faggot asshole.
(31:37 / All) wheremymyrodgo: its pretty obvious
(31:41 / All) wheremymyrodgo: wha tis goign on here
(31:46 / All) wheremymyrodgo: in case u guys havent noticed
(32:01 / All) 0-5000: green is a tower noob.
(32:06 / All) 0-5000: we all know that for sure.
(32:09 / All) TheWolf: cool kid
(32:40 / Allies) 0-5000: red
(32:44 / Allies) 0-5000: give me 400 gold please
(32:52 / All) wheremymyrodgo: aight
(32:56 / Allies) warhorse123: gold
(32:58 / All) wheremymyrodgo: tim eto take over
(32:58 / All) wheremymyrodgo: sir
(33:23 / Allies) 0-5000: come on red
(33:32 / Allies) 0-5000: you being a cheap ass like green too?
(33:35 / Allies) Khas: i thought green gave ugold?
(33:43 / Allies) warhorse123: wow
(33:48 / Allies) 0-5000: he didn't give me shit
(33:52 / Allies) Khas: green wtf?
(34:00 / All) wheremymyrodgo: HEIL
(34:02 / All) wheremymyrodgo: KEVIN LOVE
(34:08 / All) wheremymyrodgo: whit epower
(34:10 / All) wheremymyrodgo: baby
(34:45 / All) 0-5000: i called him a tower noob now he's trying to get rid of them
(34:47 / All) 0-5000: ahahhaahha
(34:58 / All) wheremymyrodgo: u never had a chance
(35:00 / All) wheremymyrodgo: yellow
(35:01 / All) wheremymyrodgo: i am pro
(35:09 / All) 0-5000: pro noob
(35:18 / All) 0-5000: that's what you are a pro noob.
(35:18 / All) wheremymyrodgo: i have a rifle icon 25 wins
(35:20 / All) wheremymyrodgo: i know wha tim doing
(35:22 / All) wheremymyrodgo: proof
(36:10 / Allies) warhorse123: red 200 gold
(36:17 / All) wheremymyrodgo: for what purple
(36:18 / Allies) warhorse123: hero
(36:19 / All) wheremymyrodgo: i wont let u rebuild
(36:21 / All) wheremymyrodgo: fool
(36:24 / All) wheremymyrodgo: it is folly
(36:28 / All) wheremymyrodgo: the great eye is everwatchful
(36:33 / All) TheWolf: Want some red?
(36:39 / All) Khas: green is a dipshit
(36:43 / Allies) warhorse123: red give like 500
(36:45 / All) TheWolf: That so?
(36:49 / All) wheremymyrodgo: this dipshit owned u red
(36:50 / All) wheremymyrodgo: hard
(36:50 / All) 0-5000: he's a pro noob/
(36:57 / Allies) warhorse123: 500
(36:59 / All) Khas: ur allied to me dumbass
(37:07 / All) 0-5000: you didn't noob anyone but yourself noob.
(37:12 / All) wheremymyrodgo: we are not allies, red, only in theory
(37:16 / All) 0-5000: think you are a bad ass cause you made a few towers.
(37:16 / All) wheremymyrodgo: i am a mercenary
(37:27 / All) Khas: its pretty easy to kill someone who doesnt auto fight back
(37:29 / All) warhorse123: can green win????
(37:54 / All) wheremymyrodgo: i am a professional
(37:55 / All) wheremymyrodgo: red
(37:57 / All) wheremymyrodgo: purple
(38:00 / All) wheremymyrodgo: and yellow
(38:00 / All) Khas: good for u
(38:02 / All) wheremymyrodgo: i am ur leader
(38:03 / All) wheremymyrodgo: u do as i say
(38:06 / All) wheremymyrodgo: and i let u live
(38:20 / All) 0-5000: that's how he grew up.
(38:29 / All) 0-5000: people were probably ordering him around.
(38:32 / All) TheWolf: Why are you running
(38:51 / All) wheremymyrodgo: lawl
(38:55 / All) wheremymyrodgo: i aint an amaterur
(38:56 / All) wheremymyrodgo: yelllow
(39:03 / All) wheremymyrodgo: purple bm next
(39:04 / All) 0-5000: see, told ya.
(39:14 / All) 0-5000: kid probably go abused.
(39:21 / All) 0-5000: ass raped by his dad.
(39:28 / All) 0-5000: so he's hating on the world.
(39:45 / All) 0-5000: self destructive.
(40:36 / All) wheremymyrodgo: fool lawl
(40:45 / All) warhorse123: noob greem
(41:07 / All) 0-5000: kid's got mental issues.
(41:13 / All) wheremymyrodgo: i do not
(41:13 / All) 0-5000: forgive him.
(41:17 / All) wheremymyrodgo: i take pleasure
(41:21 / All) wheremymyrodgo: in raping lesser foes
(41:41 / All) TheWolf: Dead
(41:47 / All) 0-5000: ahahha tking after other team killed us and you call yourself a pro?
(41:50 / All) wheremymyrodgo: again really prup
(41:51 / All) 0-5000: really?
(41:51 / All) warhorse123: oj on your side
(41:55 / All) 0-5000: ahahhaha
(41:56 / All) wheremymyrodgo: REALLY OJ IS ON MY SIDE?
(42:00 / All) wheremymyrodgo: how long did that take u
(42:02 / All) wheremymyrodgo: 50 min?
(42:18 / All) wheremymyrodgo: I AM A WARRIOR purple, red, and yellow
(42:19 / Allies) warhorse123: no he will kill u
(42:21 / All) wheremymyrodgo: i never bow down
(42:40 / All) warhorse123: well maybe you are better
(42:44 / Allies) 0-5000: just forgive him.
(42:47 / All) warhorse123: oj thatis
(43:23 / All) wheremymyrodgo: i am god in the underworld
(43:25 / All) wheremymyrodgo: the matrix
(43:27 / All) wheremymyrodgo: i am neo
(43:30 / All) Khas: oj is this your first win now with the help of green?
(43:40 / All) warhorse123: lol
(43:47 / All) Khas: seriously you guys are fags
(43:53 / All) TheWolf: yeah
(43:55 / All) TheWolf: first win ever
(44:07 / All) wheremymyrodgo: this game is wrapping up to an end
(44:09 / All) wheremymyrodgo: any last words
(44:10 / All) wheremymyrodgo: purp
(44:11 / All) wheremymyrodgo: red
(44:12 / All) TheWolf: You were surrounded lost level 7 demon hunter
(44:13 / All) wheremymyrodgo: yellow?
(44:17 / All) TheWolf: right near your moonwells
(44:20 / All) TheWolf: to a person that has never won a game
(44:23 / All) Khas: want trying dipshit
(44:27 / All) TheWolf: sure
(44:38 / All) 0-5000: i would own you on 1v1 green.
(44:40 / All) TheWolf: surrounded by rifle men no less
(44:43 / All) Khas: its pretty obvious I have no chance since green kiled us
(44:46 / All) wheremymyrodgo: yellow i rpaed ur hero with tp staff
(44:51 / All) wheremymyrodgo: i didnt evne use any units
(44:53 / All) wheremymyrodgo: just tp staff
(45:00 / All) wheremymyrodgo: element of surprise= greater than any hero or unit
(45:05 / All) warhorse123: sorry but you suck face it
(45:07 / All) wheremymyrodgo: "23k here
(45:15 / All) warhorse123: loser extreme
(45:18 / All) TheWolf: 18 k I have 7 tanks building on all 5 workshops
(45:27 / All) Khas: probaly 2 fucking teenagers
(45:31 / All) TheWolf: lol
(45:35 / All) wheremymyrodgo: that reminds me
(45:39 / All) wheremymyrodgo: i saw a young homeless chick
(45:40 / All) 0-5000: 2 gay lovers
(45:40 / All) wheremymyrodgo: today
(45:42 / All) TheWolf: thanks for my first win ever green
(45:44 / All) Khas: zzzzzzzz
(45:48 / All) wheremymyrodgo: she looked like a college kid
(45:50 / All) wheremymyrodgo: but was homeless
(45:51 / All) Khas: how long is it going to take u guys?
(45:54 / All) wheremymyrodgo: sad
(45:58 / All) TheWolf: You should have took her back to your pad
(46:06 / All) wheremymyrodgo: she had zits on her face
(46:11 / All) warhorse123: so sad you cant get laid
(46:21 / All) warhorse123: no woman to talk too
(46:24 / All) Khas: oj what are u fantasign about?
(46:24 / All) wheremymyrodgo: 2 buildings left
(46:26 / All) warhorse123: losser fuck
(46:27 / All) TheWolf: Well you could have chopped her up and sold her body parts on the bllack market
(46:29 / All) TheWolf: no one would miss her
(46:33 / All) wheremymyrodgo: my fantasies are about peyton manning
(46:48 / All) Khas: are u oj?
(47:01 / All) wheremymyrodgo: is oj what?
(47:05 / All) warhorse123: fag
(47:17 / All) wheremymyrodgo: why are u guys still here? are u embarassed i raped ur pride
(47:29 / All) Khas: seeing how long it will take u
(47:36 / All) Khas: lmao
(47:56 / All) TheWolf: you ain't going anywhere
(49:50 / All) wheremymyrodgo: any last words red
(50:04 / All) Khas: like I said you guys are fags